 Dungeon Crawl Stone Soup version 0.31-a0-177-g4aa6249778 (webtiles) character file.

Game seed: 16415783126475137744

659 qw the Shooter (level 7, 0/64 HPs)
             Began as a Naga Hunter on June 18, 2023.
             Slain by a wyvern (9 damage)
             ... on level 5 of the Dungeon.
             The game lasted 00:01:22 (3298 turns).

qw the Shooter (Naga Hunter)                        Turns: 3298, Time: 00:01:23

Health: 0/64       AC:  3    Str: 14    XL:     7   Next: 55%
Magic:  7/7        EV: 15    Int:  9    God:
Gold:   74         SH:  0    Dex: 16    Spells: 6/6 levels left

rFire   . . .        Y - +3 shortbow
rCold   . . .        (shield currently unavailable)
rNeg    . . .        c - +0 leather armour
rPois   +            (no helmet)
rElec   .            (no cloak)
rCorr   .            (no gloves)
SInv    +            (no barding)
Will    .....        f - amulet of regeneration
Stlth   ++           a - +5 ring of evasion
HPRegen 1.10/turn    (no ring)
MPRegen 0.10/turn

%: no passive effects
@: about to teleport, very slow
A: AC +2, large, see invisible, deformed body, poison resistance, slowness 2,
spit poison 1, naga tail 1
a: Spit Poison


You were on level 5 of the Dungeon.
You visited 1 branch of the dungeon, and saw 5 of its levels.

You collected 216 gold pieces.
You spent 142 gold pieces at shops.


Innate Abilities, Weirdness & Mutations

Your serpentine skin is tough. (AC +2)
You have supernaturally acute eyesight. (SInv)
Armour fits poorly on your strangely shaped body.
Your system is resistant to poisons. (rPois)
You cover ground very slowly.
You can spit poison.
You have a snake-like lower body.


   Skills:
 - Level 4.1 Fighting
 + Level 7.3 Ranged Weapons
 - Level 2.0 Dodging
 - Level 1.5 Stealth


You had 6 spell levels left.
You didn't know any spells.
Your spell library was empty.

Inventory:

Hand Weapons
 Y - a +3 shortbow (weapon)
Armour
 c - a +0 leather armour (worn)
Jewellery
 a - a +5 ring of evasion (left hand)
 f - an amulet of regeneration (around neck)
Wands
 b - a wand of digging (7)
Scrolls
 j - a scroll of identify
Potions
 d - a potion of resistance
 e - 2 potions of enlightenment
 g - a potion of curing
 i - 2 potions of haste

Dungeon Overview and Level Annotations

Branches:
Dungeon (5/15)
 Temple: D:4-7

Altars:
Elyvilon
Fedhas
Makhleb
Uskayaw
Xom
The Shining One

Shops:
D:3 =(!(   D:4 *

Annotations:
D:3 3 runed translucent doors, qw's ghost, amateur NaHu


Message History

You shoot an arrow. The arrow hits the wyvern!
The wyvern is moderately wounded.
A jelly comes into view.
3289 ||| INVOKING Spit Poison.
Aiming: Spit Poison (1% risk of failure)
Press: ? - help, Shift-Dir - straight line, f/p - wyvern The splash of poison misses the wyvern.
The jelly quivers.
The orc throws a boomerang.
The boomerang barely misses you.
You shoot an arrow. The arrow closely misses the wyvern.
You shoot an arrow. The arrow closely misses the wyvern.
You shoot an arrow. The arrow barely misses the wyvern.
The arrow hits the orc!
You kill the orc!
The wyvern bites you! The wyvern bites you.
You shoot an arrow. The arrow hits the wyvern.
The wyvern is moderately wounded.
You have got your breath back.
The wyvern barely misses you.
3294 ||| INVOKING Spit Poison.
Aiming: Spit Poison (1% risk of failure)
Press: ? - help, Shift-Dir - straight line, f/p - wyvern The splash of poison hits the wyvern.
The wyvern is heavily wounded.
The wyvern misses you. The wyvern closely misses you.
You shoot an arrow.
The arrow hits the wyvern but does no damage.
The wyvern is heavily wounded.
The wyvern bites you! The jelly barely misses you. The wyvern bites you.
The jelly closely misses you.
You shoot an arrow. The arrow closely misses the wyvern.
The wyvern bites you! The jelly misses you.
You shoot an arrow. The arrow hits the wyvern.
The wyvern is severely wounded.
You have got your breath back.
The wyvern closely misses you. The wyvern bites you! The jelly misses you.
3298 ||| READING scroll of teleportation.
As you read the scroll of teleportation, it crumbles to dust.
You feel strangely unstable. The wyvern bites you!
You die...

.....###......
.............
............
.....)... .##
....... ......
#.... ......
+.Jl# ......
#..@###......
#............
#............
#####.........
#.............
#...####.....###
+. #.....##
#......#
#......#


You could see a wyvern and a jelly.

Vanquished Creatures
  Edmund (D:4)
  A phantom (D:4)
  A scorpion (D:4)
  A hound (D:4)
  3 orc priests
  Natasha (thrice) (D:3)
  5 orc wizards
  2 adders (D:2)
  A worm (D:3)
  11 orcs
  9 ball pythons
  4 endoplasms
  2 giant cockroaches
  8 goblins
  9 hobgoblins
  4 jackals (D:1)
  4 quokkas
  A bat (D:2)
  5 frilled lizards
  6 kobolds
  7 rats
88 creatures vanquished.

Notes
Turn   | Place    | Note
-------+----------+-------------------------------------------
     0 | D:1      | qw the Naga Hunter began the quest for the Orb.
     0 | D:1      | Reached XP level 1. HP: 19/19 MP: 1/1
     0 | D:1      | 0 ||| qw: Version: 0.3-a-5-g6f28e65
     0 | D:1      | 0 ||| qw: Game counter: 654
     0 | D:1      | 0 ||| qw: Always use a shield: true
     0 | D:1      | 0 ||| qw: God list: Okawaru
     0 | D:1      | 0 ||| qw: Allow faded altars: false
     0 | D:1      | 0 ||| qw: Do Orc after D:15 true
     0 | D:1      | 0 ||| qw: Do second Lair branch before Depths: true
     0 | D:1      | 0 ||| qw: Lair rune preference: random
     0 | D:1      | 0 ||| qw: Plans: Normal
     0 | D:1      | 0 ||| PLANNING D:1-11
    20 | D:1      | 20 ||| INVOKING Spit Poison.
    44 | D:1      | 44 ||| INVOKING Spit Poison.
    79 | D:1      | 79 ||| INVOKING Spit Poison.
   198 | D:1      | 198 ||| INVOKING Spit Poison.
   204 | D:1      | 204 ||| INVOKING Spit Poison.
   207 | D:1      | Reached skill level 4 in Ranged Weapons
   207 | D:1      | Reached XP level 2. HP: 21/26 MP: 2/2
   253 | D:1      | 253 ||| INVOKING Spit Poison.
   287 | D:1      | 287 ||| INVOKING Spit Poison.
   472 | D:1      | 472 ||| INVOKING Spit Poison.
   495 | D:1      | 495 ||| INVOKING Spit Poison.
   547 | D:1      | 547 ||| INVOKING Spit Poison.
   627 | D:1      | 627 ||| INVOKING Spit Poison.
   633 | D:1      | 633 ||| INVOKING Spit Poison.
   638 | D:1      | 638 ||| INVOKING Spit Poison.
   643 | D:1      | 643 ||| INVOKING Spit Poison.
   730 | D:1      | Found a faded altar of an unknown god.
   731 | D:1      | 731 ||| INVOKING Spit Poison.
   757 | D:1      | 757 ||| INVOKING Spit Poison.
   761 | D:1      | 761 ||| INVOKING Spit Poison.
   762 | D:1      | Reached XP level 3. HP: 32/32 MP: 3/3
   914 | D:1      | 914 ||| UPGRADING to amulet of regeneration.
   919 | D:1      | 919 ||| READING scroll labelled GOAMUM NEIKATU.
   920 | D:1      | 920 ||| READING scroll labelled WOAHIG MIALL.
   921 | D:1      | 921 ||| READING scroll labelled FIOG YFFAXOQEG.
   922 | D:1      | 922 ||| READING scroll labelled EMUSELACLOX.
   923 | D:1      | 923 ||| DRINKING 3 ruby potions.
   966 | D:1      | 966 ||| DRINKING 2 sapphire potions.
   967 | D:1      | 967 ||| DROPPING scroll of butterflies.
   968 | D:1      | 968 ||| DROPPING 2 potions of lignification.
  1022 | D:2      | 1022 ||| INVOKING Spit Poison.
  1063 | D:2      | 1063 ||| INVOKING Spit Poison.
  1092 | D:2      | 1092 ||| INVOKING Spit Poison.
  1153 | D:2      | 1153 ||| INVOKING Spit Poison.
  1166 | D:2      | 1166 ||| INVOKING Spit Poison.
  1170 | D:2      | 1170 ||| INVOKING Spit Poison.
  1178 | D:2      | 1178 ||| INVOKING Spit Poison.
  1182 | D:2      | 1182 ||| INVOKING Spit Poison.
  1207 | D:2      | 1207 ||| INVOKING Spit Poison.
  1213 | D:2      | 1213 ||| INVOKING Spit Poison.
  1217 | D:2      | 1217 ||| INVOKING Spit Poison.
  1222 | D:2      | 1222 ||| INVOKING Spit Poison.
  1343 | D:2      | 1343 ||| INVOKING Spit Poison.
  1348 | D:2      | 1348 ||| INVOKING Spit Poison.
  1387 | D:2      | Identified the +5 trident of the Assorted Knives {protect,
                  | Dex+2}
  1453 | D:2      | 1453 ||| INVOKING Spit Poison.
  1472 | D:2      | Found a hide-covered altar of Uskayaw.
  1490 | D:2      | 1490 ||| INVOKING Spit Poison.
  1491 | D:2      | Reached skill level 5 in Ranged Weapons
  1534 | D:2      | 1534 ||| INVOKING Spit Poison.
  1535 | D:2      | 1535 ||| INVOKING Spit Poison.
  1536 | D:2      | Reached XP level 4. HP: 39/39 MP: 4/4
  1543 | D:2      | 1543 ||| INVOKING Spit Poison.
  1549 | D:2      | 1549 ||| INVOKING Spit Poison.
  1769 | D:2      | 1769 ||| UPGRADING to +5 ring of evasion.
  1770 | D:2      | 1770 ||| READING scroll labelled BODURY LIOLLIU.
  1771 | D:2      | 1771 ||| READING scroll labelled SIXKEAQASHRI.
  1787 | D:3      | 1787 ||| INVOKING Spit Poison.
  1793 | D:3      | 1793 ||| INVOKING Spit Poison.
  1794 | D:3      | Found Lanem's Distillery.
  1801 | D:3      | 1801 ||| INVOKING Spit Poison.
  1805 | D:3      | 1805 ||| Stepping ~*~*~tactically~*~*~ (outnumbered).
  1808 | D:3      | 1808 ||| INVOKING Spit Poison.
  1813 | D:3      | 1813 ||| INVOKING Spit Poison.
  1817 | D:3      | 1817 ||| INVOKING Spit Poison.
  1840 | D:3      | 1840 ||| READING scroll of enchant weapon.
  1840 | D:3      | 1840 ||| ENCHANTING +1 shortbow.
  1870 | D:3      | Found Fyci's Weapon Shoppe.
  1871 | D:3      | 1871 ||| BUYING potion of curing (36 gold).
  1871 | D:3      | Bought a potion of curing for 36 gold pieces
  1871 | D:3      | 1871 ||| SHOPLISTING potion of haste (120 gold, have 119).
  1871 | D:3      | 1871 ||| BUYING potion of heal wounds (60 gold).
  1871 | D:3      | Bought a potion of heal wounds for 60 gold pieces
  1871 | D:3      | 1871 ||| SHOPLISTING potion of mutation (96 gold, have 59).
  1871 | D:3      | 1871 ||| SHOPLISTING potion of resistance (120 gold, have
                  | 59).
  1932 | D:3      | 1932 ||| INVOKING Spit Poison.
  1934 | D:3      | Found Fuun's Weapon Shoppe.
  1943 | D:3      | 1943 ||| SHOPLISTING +0 antimagic orcbow (125 gold, have
                  | 62).
  1943 | D:3      | 1943 ||| SHOPLISTING +2 shortbow of electrocution (195
                  | gold, have 62).
  1952 | D:3      | Found a runed translucent gate.
  1952 | D:3      | Found a runed translucent gate.
  1954 | D:3      | Found a runed translucent gate.
  1954 | D:3      | Noticed a kobold brigand
  1955 | D:3      | Noticed qw's ghost (amateur NaHu)
  2014 | D:3      | 2014 ||| INVOKING Spit Poison.
  2018 | D:3      | 2018 ||| INVOKING Spit Poison.
  2022 | D:3      | Reached skill level 3 in Fighting
  2024 | D:3      | 2024 ||| INVOKING Spit Poison.
  2025 | D:3      | Reached XP level 5. HP: 45/49 MP: 5/5
  2027 | D:3      | 2027 ||| INVOKING Spit Poison.
  2056 | D:3      | Found a glowing golden altar of the Shining One.
  2151 | D:3      | Found Ogoiras's Jewellery Emporium.
  2154 | D:3      | 2154 ||| SHOPLISTING +4 ring of slaying (780 gold, have
                  | 77).
  2154 | D:3      | 2154 ||| SHOPLISTING +5 ring of evasion (360 gold, have
                  | 77).
  2154 | D:3      | 2154 ||| SHOPLISTING +6 ring of dexterity (360 gold, have
                  | 77).
  2156 | D:3      | 2156 ||| INVOKING Spit Poison.
  2194 | D:3      | 2194 ||| INVOKING Spit Poison.
  2199 | D:3      | 2199 ||| INVOKING Spit Poison.
  2213 | D:3      | Noticed Natasha
  2214 | D:3      | 2214 ||| INVOKING Spit Poison.
  2215 | D:3      | Killed Natasha
  2216 | D:3      | Reached skill level 6 in Ranged Weapons
  2220 | D:3      | Noticed Natasha
  2225 | D:3      | 2225 ||| Stepping ~*~*~tactically~*~*~ (outnumbered).
  2231 | D:3      | 2231 ||| INVOKING Spit Poison.
  2231 | D:3      | Killed Natasha
  2232 | D:3      | Reached XP level 6. HP: 51/56 MP: 6/6
  2467 | D:3      | Noticed Natasha
  2476 | D:3      | 2476 ||| INVOKING Spit Poison.
  2480 | D:3      | Killed Natasha
  2525 | D:3      | 2525 ||| READING scroll labelled YDDUGO WEETOJO.
  2526 | D:3      | 2526 ||| READING scroll labelled OTINONTOPPO.
  2527 | D:3      | 2527 ||| READING 3 scrolls of identify.
  2527 | D:3      | 2527 ||| IDENTIFYING murky coppery potion
  2528 | D:3      | 2528 ||| READING 2 scrolls of identify.
  2528 | D:3      | 2528 ||| IDENTIFYING murky emerald potion
  2546 | D:4      | 2546 ||| INVOKING Spit Poison.
  2546 | D:4      | Noticed Edmund
  2550 | D:4      | 2550 ||| INVOKING Spit Poison.
  2556 | D:4      | 2556 ||| INVOKING Spit Poison.
  2561 | D:4      | 2561 ||| INVOKING Spit Poison.
  2564 | D:4      | HP: 13/57 [Edmund/+1 dire flail of protection (17)]
  2565 | D:4      | 2565 ||| READING scroll of teleportation.
  2566 | D:4      | 2566 ||| DRINKING potion of heal wounds.
  2567 | D:4      | 2567 ||| INVOKING Spit Poison.
  2567 | D:4      | Killed Edmund
  2591 | D:4      | 2591 ||| INVOKING Spit Poison.
  2605 | D:4      | 2605 ||| READING scroll of enchant weapon.
  2605 | D:4      | 2605 ||| ENCHANTING +2 shortbow.
  2679 | D:4      | 2679 ||| INVOKING Spit Poison.
  2683 | D:4      | Reached XP level 7. HP: 60/64 MP: 7/7
  2683 | D:4      | 2683 ||| INVOKING Spit Poison.
  2695 | D:4      | Found Amalel's Assorted Antiques.
  2706 | D:4      | 2706 ||| INVOKING Spit Poison.
  2709 | D:4      | Reached skill level 7 in Ranged Weapons
  2717 | D:4      | 2717 ||| SHOPLISTING potion of haste (230 gold, have 91).
  2717 | D:4      | 2717 ||| BUYING scroll of identify (46 gold).
  2717 | D:4      | Bought a scroll of identify for 46 gold pieces
  2717 | D:4      | 2717 ||| SHOPLISTING scroll of identify (46 gold, have 45).
  2721 | D:4      | 2721 ||| INVOKING Spit Poison.
  2726 | D:4      | 2726 ||| INVOKING Spit Poison.
  2733 | D:4      | 2733 ||| INVOKING Spit Poison.
  2737 | D:4      | 2737 ||| INVOKING Spit Poison.
  2773 | D:4      | 2773 ||| INVOKING Spit Poison.
  2857 | D:4      | 2857 ||| INVOKING Spit Poison.
  2863 | D:4      | 2863 ||| INVOKING Spit Poison.
  2890 | D:4      | 2890 ||| INVOKING Spit Poison.
  2903 | D:4      | 2903 ||| INVOKING Spit Poison.
  2978 | D:4      | 2978 ||| INVOKING Spit Poison.
  3059 | D:4      | 3059 ||| INVOKING Spit Poison.
  3087 | D:4      | Found a hide-covered altar of Uskayaw.
  3089 | D:4      | Found a burning altar of Makhleb.
  3089 | D:4      | Found a blossoming altar of Fedhas.
  3091 | D:4      | Found a snail-covered altar of Cheibriados.
  3091 | D:4      | Found a white marble altar of Elyvilon.
  3091 | D:4      | Found a shimmering altar of Xom.
  3116 | D:4      | 3116 ||| INVOKING Spit Poison.
  3168 | D:4      | 3168 ||| READING 2 scrolls of identify.
  3168 | D:4      | 3168 ||| IDENTIFYING green potion
  3169 | D:4      | 3169 ||| DROPPING potion of attraction.
  3183 | D:5      | Entered Level 5 of the Dungeon
  3287 | D:5      | Noticed a wyvern
  3289 | D:5      | 3289 ||| INVOKING Spit Poison.
  3294 | D:5      | 3294 ||| INVOKING Spit Poison.
  3297 | D:5      | HP: 8/64 [wyvern (17)]
  3298 | D:5      | 3298 ||| READING scroll of teleportation.
  3298 | D:5      | Slain by a wyvern

Levels and vault maps discovered:
D:1:      lordsloth_arrival_two_stooges, layout_loops_corners,
          hellmonk_ecumenical_altar_run_dry
D:2:      layout_basic, basic_altar, nicolae_titane
D:3:      layout_basic, nicolae_tso_carved_into_rock, serial_bayou,
          serial_bayou_pond_d, serial_bayou_pond_e, serial_bayou_shore_a,
          serial_bayou_pond_d, serial_shops, nicolae_shop_tiny_real_fake_doors,
          nicolae_shop_temple_entry_statues_fountains,
          nicolae_shop_industrial_runoff, nicolae_shop_tiny_glass,
          gammafunk_ghost_nasty_kobolds, hangedman_decor_riveting,
          interstate_on_off, uniq_natasha
D:4:      layout_loops_ring, doesnt_xom_only_xom, serial_shops, shop,
          minivault_24, uniq_edmund
D:5:      layout_basic, minmay_overflow_temple_star_hex,
          minmay_temple_entry_arrows, supply_closet_lemuel, uniq_sigmund

Skill      XL: |  1  2  3  4  5  6  7 |
---------------+----------------------+-----
Ranged Weapons | 4 5 6 7 |  7.3
Fighting       | 3 4 |  4.1
Dodging        | 2 |  2.0
Stealth        | |  1.5

Action                     |  1- 3 |  4- 6 |  7- 9 || total
---------------------------+-------+-------+-------++-------
   Fire: Shortbow          |    72 |    88 |    51 ||   211
Ability: Spit Poison       |    34 |    26 |    16 ||    76
    Use: Scroll            |     4 |     9 |     2 ||    15
         Potion            |     2 |     1 |       ||     3
 Armour: Leather armour    |     9 |     2 |     2 ||    13
  Dodge: Dodged            |    33 |    31 |    21 ||    85

Table legend:
 A = Non-vault XP
 B = Vault XP
 C = Vault XP percentage of total XP
 D = Non-vault monster count
 E = Vault monster count
 F = Vault count percentage of total count
                 A         B        C        D         E       F
            +---------+---------+-------+---------+---------+-------
      Total |     753 |     189 |  20.1 |      86 |       2 |   2.3
            +---------+---------+-------+---------+---------+-------
        D:1 |      35 |       0 |   0.0 |      22 |       0 |   0.0
        D:2 |      49 |       0 |   0.0 |      17 |       0 |   0.0
        D:3 |     257 |      36 |  12.3 |      25 |       1 |   3.8
        D:4 |     409 |     153 |  27.2 |      21 |       1 |   4.5
        D:5 |       3 |       0 |   0.0 |       1 |       0 |   0.0
            +---------+---------+-------+---------+---------+-------
